 Dungeon Crawl Stone Soup version 0.31-a0-128-g25add195a6 (webtiles) character file.

Game seed: 9077995655596262850

1948 Dittersdorf the Fighter (level 9, 0/70 HPs)
             Began as a Gargoyle Fighter on June 1, 2023.
             Splashed by a jelly's acid (8 damage)
             ... on level 6 of the Dungeon.
             The game lasted 00:07:29 (5151 turns).

Dittersdorf the Fighter (Gargoyle Fighter)          Turns: 5151, Time: 00:07:29

Health: 0/70       AC:  9    Str: 25    XL:     9   Next: 18%
Magic:  9/9        EV:  8    Int:  8    God:
Gold:   234        SH:  5    Dex:  9    Spells: 8/8 levels left

rFire   . . .        n - +0 morningstar
rCold   . . .        c - +0 buckler
rNeg    + . .        m - +1 chain mail
rPois   ∞            (no helmet)
rElec   +            (no cloak)
rCorr   .            (no gloves)
SInv    .            (no boots)
Will    .....        b - amulet of faith Stlth
                     (no ring)
HPRegen 0.31/turn    (no ring)
MPRegen 0.11/turn

%: faith
@: corroded
A: sickness immunity, AC +6, negative energy resistance 1, electricity
resistance, torment resistance 1, petrification resistance
a: no special abilities


You were on level 6 of the Dungeon.
You visited 1 branch of the dungeon, and saw 7 of its levels.
You also visited: Sewer.

You collected 374 gold pieces.
You spent 140 gold pieces at shops.

Inventory:

Hand Weapons
 n - a +0 morningstar (weapon)
Armour
 c - a +0 buckler (worn)
 m - a +1 chain mail (worn)
Magical Staves
 o - a staff of earth
Jewellery
 b - an amulet of faith (around neck)
Wands
 j - a wand of roots (8)
Scrolls
 e - 2 scrolls of butterflies
 h - 3 scrolls of poison
 l - 5 scrolls of teleportation
Potions
 a - 2 potions of cancellation {unknown}
 d - 7 potions of might
 g - a potion of ambrosia
 i - a potion of haste
 k - 5 potions of heal wounds
 p - a potion of invisibility
 q - a potion of attraction {unknown}
 t - 3 potions of lignification {unknown}


   Skills:
 + Level 14.8 Fighting
 + Level 4.7 Maces & Flails
 + Level 5.7 Armour
 + Level 5.8 Shields


You had 8 spell levels left.
You didn't know any spells.
Your spell library contained the following spells:

 Spells                   Type           Power      Damage    Failure   Level
 Apportation              Tloc           0%         N/A       94%         1
 Magic Dart               Conj           0%         1d3       94%         1
 Blink                    Tloc           0%         N/A       98%         2
 Call Imp                 Summ           0%         N/A       98%         2
 Gell's Gravitas          Tloc           0%         N/A       100%        3
 Mephitic Cloud           Conj/Pois/Air  0%         N/A       100%        3
 Ozocubu's Armour         Ice            0%         N/A       100%        3
 Teleport Other           Tloc           0%         N/A       100%        3
 Manifold Assault         Tloc           0%         N/A       100%        4
 Alistair's Intoxication  Tmut/Pois      0%         N/A       100%        5
 Metabolic Englaciation   Hex/Ice        0%         N/A       100%        5
 Dispersal                Tloc           0%         N/A       100%        6
 Simulacrum               Ice/Necr       0%         N/A       100%        6
 Ozocubu's Refrigeration  Ice            0%         4d7       100%        7
 Storm Form               Tmut/Air       0%         N/A       100%        7
 Polar Vortex             Ice            0%         N/A       100%        9


Dungeon Overview and Level Annotations

Branches:
Dungeon (7/15)              Sewer (visited)
 Temple: D:4-7

Altars:
Makhleb
Wu Jian

Shops:
D:5 !

Annotations:
D:6 3 runed translucent doors, Jeffwins's ghost, novice VSWn


Innate Abilities, Weirdness & Mutations

You are immune to sickness and miasma.
Your stone body is resilient. (AC +6)
You are immune to poison.
You resist negative energy. (rN+)
You are resistant to electric shocks. (rElec)
You are resistant to unholy torment.
You are immune to petrification.


Message History

You kill the killer bee!
You see here a killer bee corpse.
There is a stone staircase leading down here.
You climb downwards.
You hear the hiss of flowing sand.
There is an entrance to an ossuary on this level.
Hurry and find it before the portal is buried!
The sleepcap releases spores at you but does no damage. x2
There is a stone staircase leading up here.
The jelly hits you but does no damage. The sleepcap releases spores at you.
* * * LOW HITPOINT WARNING * * *
You climb upwards.
Level annotation: 3 runed translucent doors, Jeffwins's ghost, novice VSWn
There is a stone staircase leading down here.
The sleepcap closely misses you. The jelly attacks as you move away!
The jelly hits you but does no damage. The jelly attacks as you move away!
The jelly hits you but does no damage. The jelly attacks as you move away!
You block the jelly's attack.
You hit the jelly. The acid corrodes you!
Your hands burn!
* * * LOW HITPOINT WARNING * * *
The jelly is moderately wounded.
The jelly hits you but does no damage.
You hit the jelly. The acid corrodes you!
Your hands burn!
* * * LOW HITPOINT WARNING * * *
The jelly is moderately wounded.
The jelly hits you but does no damage.
You puncture the jelly!
Your hands burn!
* * * LOW HITPOINT WARNING * * *
The jelly is severely wounded.
You block the jelly's attack. The jelly hits you but does no damage.
You hit the jelly.
Your hands burn!
* * * LOW HITPOINT WARNING * * *
The jelly is almost dead.
The jelly hits you but does no damage.
You hit the jelly but do no damage.
Your hands burn!
* * * LOW HITPOINT WARNING * * *
The jelly is almost dead.
The jelly hits you.
* * * LOW HITPOINT WARNING * * *
You are splashed with acid!
You die...

...#..#....#...........#########.
.....##....##..........# #.
...##....####..........#########.
......#### #............#.......
...#### #.................÷..
...####### ###.....#######.......
.........# #...###########÷÷.....
.####.##.###.########............
..............fJ@................
....##.........##...##########...
...###............#...## #....
..###..#........#####..#### #....
..###.##....[...# ##....###....
...†...........## ####.......^
########>......# ######...
##......# #... ######## ####


You could see a sleepcap and a jelly.

Vanquished Creatures
  Sigmund (D:4)
  A water moccasin (D:6)
  An ice beast (D:7)
  A kobold brigand (Sewer)
  4 scorpions
  A bullfrog (D:6)
  5 killer bees (D:6)
  A howler monkey (D:6)
  2 hounds (D:5)
  An orc priest (D:4)
  2 jellies
  A sleepcap (D:4)
  3 iguanas
  3 orc wizards (D:5)
  7 adders
  A river rat (D:5)
  A shadow imp (D:6)
  A white imp (D:6)
  2 ufetubi
  5 worms
  3 dart slugs
  16 orcs
  6 bats
  6 endoplasms
  7 giant cockroaches
  9 goblins
  4 hobgoblins
  3 jackals (D:3)
  15 kobolds
  3 quokkas
  10 ball pythons
  6 frilled lizards
  4 rats
136 creatures vanquished.

Notes
Turn   | Place    | Note
-------+----------+-------------------------------------------
     0 | D:1      | Dittersdorf the Gargoyle Fighter began the quest for the
                  | Orb.
     0 | D:1      | Reached XP level 1. HP: 14/14 MP: 1/1
   208 | D:1      | Reached XP level 2. HP: 16/19 MP: 2/2
   730 | D:2      | Reached XP level 3. HP: 22/24 MP: 3/3
  1031 | D:2      | Reached XP level 4. HP: 27/29 MP: 4/4
  1217 | D:2      | Reached skill level 4 in Fighting
  1710 | D:3      | Reached XP level 5. HP: 28/33 MP: 5/5
  2379 | D:4      | Noticed Sigmund
  2538 | D:4      | Killed Sigmund
  2539 | D:4      | Reached XP level 6. HP: 11/39 MP: 6/6
  2821 | D:4      | Reached skill level 5 in Fighting
  2821 | D:4      | Reached skill level 5 in Shields
  2898 | D:4      | Reached skill level 5 in Armour
  2898 | D:4      | Reached XP level 7. HP: 21/44 MP: 7/7
  2987 | D:4      | Reached skill level 14 in Fighting
  2987 | D:4      | Reached XP level 8. HP: 65/65 MP: 8/8
  3106 | D:4      | Found an ornate altar of the Wu Jian Council.
  3401 | D:5      | Entered Level 5 of the Dungeon
  3424 | D:5      | Found a glowing drain.
  3428 | Sewer    | Entered a sewer
  3798 | D:5      | Found a burning altar of Makhleb.
  4347 | D:5      | Found Roaf's Distillery.
  4355 | D:5      | Bought 2 potions of heal wounds for 140 gold pieces
  4874 | D:6      | Found a runed translucent gate.
  4874 | D:6      | Found a runed translucent gate.
  4875 | D:6      | Found a runed translucent gate.
  4881 | D:6      | Noticed a spectral unseen horror
  4985 | D:6      | Noticed a spectral unseen horror
  4985 | D:6      | Noticed Jeffwins's ghost (novice VSWn)
  5065 | D:7      | Reached XP level 9. HP: 61/70 MP: 9/9
  5151 | D:6      | Splashed by a jelly's acid

Illustrated notes

Levels and vault maps discovered:
D:1:      amcnicky_arrival_choice, layout_basic
D:2:      minmay_diamond_boxcup, layout_basic, nicolae_titane
D:3:      layout_loops_ring
D:4:      minmay_inner_zag, layout_rooms, pdpol_wu_jian_five_deadly_venoms,
          minmay_misc_feat_roman, uniq_sigmund
D:5:      layout_basic, mainiacjoe_overflow_brackets, serial_shops, shop,
          gup_sewer_entry_bowl
D:6:      layout_rooms, gammafunk_ghost_necromancy
D:7:      layout_cave_pools, nicolae_elyvilon_temple_path,
          minmay_temple_entry_water_ring, gup_ossuary_entry_pyramid

Skill      XL: |  1  2  3  4  5  6  7 |
---------------+----------------------+-----
Shields        | 4 5 |  5.8
Fighting       | 4 5 14 | 14.8
Armour         | 4 5 |  5.7
Maces & Flails | 3 4 |  4.7

Action                     |  1- 3 |  4- 6 |  7- 9 || total
---------------------------+-------+-------+-------++-------
  Melee: Flail             |    88 |   174 |    19 ||   281
         Morningstar       |       |       |   190 ||   190
    Use: Scroll            |       |     9 |     8 ||    17
         Potion            |       |       |     4 ||     4
 Armour: Scale mail        |    44 |       |       ||    44
         Chain mail        |     5 |   107 |   178 ||   290
  Dodge: Dodged            |    39 |    74 |   116 ||   229
  Block: Buckler           |    16 |    34 |    69 ||   119

Table legend: (Time is in decaauts)
 A = Elapsed time spent in this place.
 B = Non-inter-level travel time spent in this place.
 C = Inter-level travel time spent in this place.
 D = Time resting spent in this place.
 E = Time spent auto-exploring this place.
 F = Levels seen in this place.
 G = Mean time per level.
                   A        B        C        D        E       F      G
               +--------+--------+--------+--------+--------+-----+--------+
         Total |   5316 |   5075 |    241 |    352 |   3502 |   8 |  664.5 |
       Dungeon |   4998 |   4757 |    241 |    332 |   3350 |   7 |  714.0 |
         Sewer |    318 |    318 |      0 |     20 |    152 |   1 |  318.0 |
               +--------+--------+--------+--------+--------+-----+--------+

Top non-repeatable levels by time:
     D:4: 1055 daAuts
     D:2: 978 daAuts
     D:3: 833 daAuts
     D:5: 794 daAuts
     D:6: 671 daAuts
     D:1: 622 daAuts
   Sewer: 318 daAuts
     D:7: 42 daAuts
